 Dungeon Crawl Stone Soup version bcrawl-1.17.3 (webtiles) character file.

Game seed: 936328636999942856

245 Ethylacetat the Chopper (level 5, 0/41 HPs)
             Began as a Demonspawn Archaeologist on Oct 19, 2019.
             Slain by a gnoll
             ... wielding a +0 spear
              (7 damage)
             ... on level 4 of the Dungeon.
             The game lasted 00:04:07 (2338 turns).

Ethylacetat the Chopper (Demonspawn Archaeologist)  Turns: 2338, Time: 00:04:08

Health: 0/41       AC:  6    Str: 12    XL:     5   Next: 84%
Magic:  0/5        EV: 13    Int: 15    God:
Gold:   146        SH:  0    Dex: 12    Spells: 4/4 levels left

rFire    . . .     SeeInvis .   v - +2 flail (drain)
rCold    . . .     Gourm    .   (no shield)
rNeg     . . .     Faith    .   b - +1 robe
rPois    .         Spirit   +   c - +1 hat
rElec    .         Reflect  .   (no cloak)
rCorr    .         Harm     .   (no gloves)
MR       +....                  d - +1 pair of boots
Stlth    +++++.....             (no amulet)
HPRegen  0.13/turn              i - ring of protection from magic
MPRegen  0.09/turn              q - ring of stealth

@: studying Axes
A: nightstalker 1, magic shield
a: no special abilities


You were on level 4 of the Dungeon.
You were not hungry.

You visited 1 branch of the dungeon, and saw 4 of its levels.

You collected 146 gold pieces.

Inventory:

Hand Weapons
 a - a +0 whip
 l - a +0 whip of electrocution
 v - a +2 flail of draining (weapon)
Armour
 b - a +1 robe (worn)
 c - a +1 hat (worn)
 d - a +1 pair of boots (worn)
Jewellery
 i - a ring of protection from magic (left hand)
 q - a ring of stealth (right hand)
Scrolls
 h - 3 scrolls of enchant armour {unknown}
 m - 3 scrolls of enchant weapon {unknown}
 o - a scroll of teleportation {unknown}
 p - a scroll of fear {unknown}
 r - a scroll of fog {unknown}
 s - 3 scrolls of remove curse {unknown}
 t - a scroll of identify {unknown}
Potions
 j - a potion of magic {unknown}
 k - a potion of might {unknown}
 n - 2 potions of curing {unknown}
 u - a potion of haste {unknown}
 w - a potion of degeneration {unknown}
 x - a potion of lignification {unknown}
 A - a potion of brilliance {unknown}
Books
 e - a manual of Axes
Miscellaneous
 f - an ancient crate
Comestibles
 g - 9 rations {!d}
 z - a chunk of flesh


   Skills:
 + Level 3.3 Fighting
 * Level 5.2(5.5) Axes
 - Level 2.2(4.0) Maces & Flails
 - Level 2.6 Dodging
 - Level 3.0 Stealth


You had 4 spell levels left.
You didn't know any spells.
Your spell library contained the following spells:

 Spells                   Type           Power        Failure   Level  Hunger
 Leda's Liquefaction      Hex/Erth       #.........   63%         3    ####...
 Bolt of Magma            Conj/Fire/Erth #.........   100%        5    ######.
 Iron Shot                Conj/Erth      #.........   100%        6    #######
 Statue Form              Tmut/Erth      #........    100%        6    #######
 Shatter                  Erth           #.........   100%        9    #######


Dungeon Overview and Level Annotations

Branches:
Dungeon (4/12)
 Temple: D:4-7

Altars:
Zin


Innate Abilities, Weirdness & Mutations

You are slightly more attuned to the shadows.
When hurt, damage is shared between your health and your magic reserves.


Message History

The arrow hits you! The gnoll hits you but does no damage.
The centaur shoots an arrow.
The arrow hits you!
A dart slug comes into view.
The gnoll hits you with a +0 flail!
The centaur unwields a +0 shortbow.
The centaur hits you. The gnoll closely misses you.
A gnoll comes into view. It is wielding a +0 spear.
The gnoll shouts!
You hit the centaur but do no damage. The centaur misses you.
An ogre comes into view. It is wielding a +0 giant club.
The gnoll barely misses you.
The gnoll hits you from afar with a +0 spear.
The scorpion misses you. The centaur hits you.
* * * LOW HITPOINT WARNING * * *
You hit the centaur. You drain the centaur.
The centaur is moderately wounded.
The centaur hits you but does no damage.
The gnoll barely misses you. The gnoll misses you. The scorpion stings you.
* * * LOW HITPOINT WARNING * * *
The gnoll hits you from afar with a +0 spear!
You die...

........###
.....O.....####
..............
.....?...(...
.........gg##
......sgc..#
#....@..#
##....#..#
##.....##.g..
#...รท..# .....
..#......##..w..
................
#......<........
#.............
#.........##.<


You could see an ogre, a centaur, a scorpion, 4 gnolls and a dart slug.

Vanquished Creatures
  A bullfrog zombie (D:3)
  2 orc wizards (D:3)
  4 adders
  A shadow imp (D:3)
  2 worms
  3 dart slugs
  4 leopard geckos
  11 orcs (D:3)
  2 ball pythons (D:2)
  5 bats
  5 giant cockroaches
  15 hobgoblins
  4 jackals
  4 quokkas
  5 frilled lizards
  13 kobolds
  3 rats
84 creatures vanquished.

Notes
Turn   | Place    | Note
-------+----------+-------------------------------------------
     0 | D:1      | Ethylacetat the Demonspawn Archaeologist began the quest
                  | for the Orb.
     0 | D:1      | Reached XP level 1. HP: 15/15 MP: 1/1
    63 | D:1      | Reached skill level 1 in Maces & Flails
   146 | D:1      | Gained mutation: You are slightly more attuned to the
                  | shadows. [demonic ancestry]
   146 | D:1      | Reached XP level 2. HP: 8/21 MP: 2/2
   726 | D:2      | Reached XP level 3. HP: 23/27 MP: 3/3
   877 | D:2      | Reached skill level 1 in Axes
  1210 | D:2      | Reached skill level 2 in Axes
  1497 | D:3      | Gained mutation: When hurt, damage is shared between your
                  | health and your magic reserves. [demonic ancestry]
  1497 | D:3      | Reached XP level 4. HP: 33/33 MP: 4/4
  1550 | D:3      | Reached skill level 3 in Axes
  1665 | D:3      | Reached skill level 4 in Axes
  1665 | D:3      | Reached XP level 5. HP: 26/40 MP: 2/5
  1889 | D:3      | Found a glowing silver altar of Zin.
  2122 | D:3      | Reached skill level 5 in Axes
  2332 | D:4      | Noticed a centaur
  2337 | D:4      | Noticed an ogre
  2338 | D:4      | Slain by a gnoll

Skill      XL: |  1  2  3  4  5 |
---------------+----------------+-----
Maces & Flails | 1 2 |  2.2
Axes           | 2 4 5 |  5.2
Fighting       | 2 3 |  3.3
Dodging        | |  2.6
Stealth        | |  3.0

Action                   |  1- 3 |  4- 6 || total
-------------------------+-------+-------++-------
Melee: Whip              |   124 |    42 ||   166
       Flail             |       |    85 ||    85
 Stab: Sleeping          |    20 |    11 ||    31
  Eat: Chunk             |     2 |     3 ||     5
Armor: Robe              |    28 |    30 ||    58
Dodge: Dodged            |    74 |    79 ||   153
